 Dungeon Crawl Stone Soup version 0.31-a0-188-g5e087ee2ca (webtiles) character file.

Game seed: 15853867951296222088

292 qw the Skirmisher (level 6, -4/35 HPs)
             Began as a Deep Elf Hunter on June 23, 2023.
             Was an Initiate of Okawaru.
             Slain by Grinder (6 damage)
             ... on level 5 of the Dungeon.
             The game lasted 00:01:10 (3184 turns).

qw the Skirmisher (Deep Elf Hunter)                 Turns: 3184, Time: 00:01:11

Health: -4/35      AC:  5    Str: 16    XL:     6   Next: 10%
Magic:  8/8        EV: 12    Int: 14    God:    Okawaru [......]
Gold:   160        SH:  0    Dex: 18    Spells: 5/5 levels left

rFire   + . .        d - +1 shortbow (freeze)
rCold   + . .        (shield currently unavailable)
rNeg    . . .        h - +0 ring mail {rF+}
rPois   .            (no helmet)
rElec   .            (no cloak)
rCorr   .            (no gloves)
SInv    .            (no boots)
Will    .....        (no amulet)
Stlth   +            g - ring of protection from cold
HPRegen 0.25/turn    a - +6 ring of strength
MPRegen 0.11/turn

%: no passive effects
@: no status effects
A: no striking features
a: Renounce Religion


You were on level 5 of the Dungeon.
You worshipped Okawaru.
Okawaru was noncommittal.
You visited 1 branch of the dungeon, and saw 5 of its levels.

You collected 160 gold pieces.


   Skills:
 - Level 2.0 Fighting
 + Level 9.3 Ranged Weapons
 - Level 3.0 Dodging
 - Level 1.2 Stealth


You had 5 spell levels left.
You didn't know any spells.
Your spell library was empty.

Inventory:

Hand Weapons
 d - a +1 shortbow of freezing (weapon)
Armour
 h - a +0 ring mail of fire resistance (worn)
Jewellery
 a - a +6 ring of strength (right hand)
 g - a ring of protection from cold (left hand)
 Y - a ring of resist corrosion
Scrolls
 b - 2 scrolls of identify
Potions
 c - a potion of enlightenment
 f - a potion of curing
 j - 4 potions of mutation

Dungeon Overview and Level Annotations

Branches:
Dungeon (5/15)             Temple (0/1) D:5

Altars:
Okawaru

Shops:
D:4 (

Annotations:
D:5 Grinder


Message History

Grinder gestures at you.
You suddenly lose the ability to move!
Grinder gestures at you.
You struggle to resist.
The orc wizard casts a spell at you.
You are confused.
You can move again.
3176 ||| DRINKING 2 potions of curing.
You feel better.
3176 ||| (to cure confusion) Grinder hits you.
You writhe in agony.
You shoot an arrow. The arrow hits Grinder.
Grinder is moderately wounded.
Grinder says, "Just stop there for a second..."
Grinder hits you but does no damage.
You shoot an arrow. The arrow hits Grinder.
Grinder is moderately wounded.
Grinder blinks!
You shoot an arrow. The arrow hits the orc.
The arrow freezes the orc.
The orc is severely wounded.
A wyvern comes into view.
You shoot an arrow. The wyvern hisses angrily.
The arrow hits the orc but does no damage.
The orc is severely wounded.
You hear a shout!
The orc hits you with a +0 hand axe.
You shoot an arrow. The arrow barely misses the orc.
The orc barely misses you. Grinder barely misses you.
An orc comes into view. It is wielding a +0 short sword.
You shoot an arrow. The arrow barely misses the orc.
The orc hits you but does no damage. Grinder hits you.
You writhe in agony.
You shoot an arrow. The arrow hits the orc.
The arrow freezes the orc.
You kill the orc!
Okawaru accepts your kill.
The wyvern hisses menacingly.
Grinder hits you.
You writhe in agony.
You shoot an arrow. The arrow hits Grinder.
Grinder is heavily wounded.
The orc hits you but does no damage. Grinder hits you!
You writhe in agony.
You die...

...>.. .....
.}.. ... .)
##o##.#
##########o5o..#
#........#@#
#.######.#.#
#.#.)..<.#.#
#.#.####.#.#
#.#.# #.#.#
#.#.# #.#.#
#.#.# #.#.#
#.#.# #.#.#
#.#.####.#.#


You could see Grinder, an orc wizard and 2 orcs.

Vanquished Creatures
  A scorpion (D:4)
  2 orc priests (D:4)
  Terence (D:3)
  6 adders
  5 worms (D:2)
  5 orcs
  8 endoplasms
  5 giant cockroaches
  6 goblins
  11 hobgoblins
  7 kobolds
  2 quokkas
  8 ball pythons
  7 bats
  2 frilled lizards (D:1)
  2 rats
78 creatures vanquished.

Notes
Turn   | Place    | Note
-------+----------+-------------------------------------------
     0 | D:1      | qw the Deep Elf Hunter began the quest for the Orb.
     0 | D:1      | Reached XP level 1. HP: 12/12 MP: 3/3
     0 | D:1      | 0 ||| qw: Version: 0.3-a-9-g12657ce
     0 | D:1      | 0 ||| qw: Game counter: 3666
     0 | D:1      | 0 ||| qw: Always use a shield: true
     0 | D:1      | 0 ||| qw: God list: Okawaru
     0 | D:1      | 0 ||| qw: Allow faded altars: false
     0 | D:1      | 0 ||| qw: Do Orc after D:15 true
     0 | D:1      | 0 ||| qw: Do second Lair branch before Depths: true
     0 | D:1      | 0 ||| qw: Lair rune preference: random
     0 | D:1      | 0 ||| qw: Plans: Normal
     0 | D:1      | 0 ||| PLANNING D:1-11
   179 | D:1      | Reached skill level 6 in Ranged Weapons
   179 | D:1      | Reached XP level 2. HP: 16/16 MP: 4/4
   552 | D:1      | Found a faded altar of an unknown god.
   605 | D:1      | Reached XP level 3. HP: 20/20 MP: 5/5
  1015 | D:1      | 1015 ||| UPGRADING to ring of protection from cold.
  1016 | D:1      | 1016 ||| READING scroll labelled ZAXONU QIF APHUGH.
  1017 | D:1      | 1017 ||| READING scroll labelled VAFIGIAVYJ.
  1020 | D:1      | 1020 ||| DROPPING scroll of butterflies.
  1434 | D:2      | Reached skill level 7 in Ranged Weapons
  1579 | D:2      | Reached XP level 4. HP: 25/25 MP: 6/6
  1773 | D:2      | 1773 ||| UPGRADING to ring of resist corrosion.
  1774 | D:2      | 1774 ||| READING 2 scrolls labelled GIWNACS JIXIUTOETT.
  1775 | D:2      | 1775 ||| READING 5 scrolls labelled XAXELOK BIOHI.
  1776 | D:2      | 1776 ||| READING scroll labelled NEG UBU HESEYNI.
  1777 | D:2      | 1777 ||| READING scroll labelled OZECOWIOGEPH.
  1778 | D:2      | 1778 ||| READING 4 scrolls of identify.
  1778 | D:2      | 1778 ||| IDENTIFYING yellow potion
  1779 | D:2      | 1779 ||| READING 3 scrolls of identify.
  1779 | D:2      | 1779 ||| IDENTIFYING lumpy emerald potion
  1780 | D:2      | 1780 ||| READING 2 scrolls of identify.
  1780 | D:2      | 1780 ||| IDENTIFYING coppery potion
  1781 | D:2      | 1781 ||| DROPPING scroll of amnesia.
  1782 | D:2      | 1782 ||| DROPPING potion of attraction.
  1783 | D:2      | 1783 ||| DROPPING potion of ambrosia.
  1785 | D:2      | 1785 ||| Stepping ~*~*~tactically~*~*~ (cloud).
  1788 | D:2      | HP: 6/25 [poisoned by you (poison gas)]
  2017 | D:3      | Reached skill level 8 in Ranged Weapons
  2083 | D:3      | Noticed Terence
  2088 | D:3      | Killed Terence
  2150 | D:3      | Reached XP level 5. HP: 29/29 MP: 7/7
  2226 | D:3      | 2226 ||| UPGRADING to +0 ring mail.
  2236 | D:3      | 2236 ||| DROPPING +0 leather armour.
  2237 | D:3      | 2237 ||| UPGRADING to +0 ring mail of fire resistance.
  2247 | D:3      | 2247 ||| DROPPING +0 ring mail.
  2248 | D:3      | 2248 ||| READING scroll labelled SANEGAIMUJ.
  2249 | D:3      | 2249 ||| READING scroll labelled HATSUAVISOU.
  2250 | D:3      | 2250 ||| READING 3 scrolls of identify.
  2250 | D:3      | 2250 ||| IDENTIFYING puce potion
  2251 | D:3      | 2251 ||| READING 2 scrolls of identify.
  2251 | D:3      | 2251 ||| IDENTIFYING silvery potion
  2252 | D:3      | 2252 ||| DROPPING potion of brilliance.
  2364 | D:4      | 2364 ||| Stepping ~*~*~tactically~*~*~ (outnumbered).
  2370 | D:4      | Reached skill level 9 in Ranged Weapons
  2760 | D:4      | Found Wairphar's Antique Weapon Shoppe.
  2786 | D:4      | Found an iron altar of Okawaru.
  2787 | D:4      | 2787 ||| PLANNING OKAWARU WORSHIP
  2787 | D:4      | 2787 ||| READING scroll labelled CAFISO RELURIEPH.
  2788 | D:4      | 2788 ||| READING 3 scrolls of identify.
  2788 | D:4      | 2788 ||| IDENTIFYING bubbling cyan potion
  2789 | D:4      | 2789 ||| DROPPING potion of degeneration.
  2800 | D:4      | Became a worshipper of Warmaster Okawaru
  2801 | D:4      | 2801 ||| PLANNING D:1-11
  2895 | D:4      | 2895 ||| UPGRADING to +6 ring of strength.
  2897 | D:4      | 2897 ||| READING 3 scrolls of identify.
  2897 | D:4      | 2897 ||| IDENTIFYING murky orange potion
  2933 | D:5      | Entered Level 5 of the Dungeon
  2936 | D:5      | 2936 ||| STAIRDANCE
  2946 | D:4      | Reached skill level 3 in Dodging
  2947 | D:4      | HP: 6/30 [orc priest/+0 trident (5)]
  2948 | D:4      | 2948 ||| READING scroll of teleportation.
  2950 | D:4      | Reached XP level 6. HP: 7/35 MP: 8/8
  3087 | D:5      | 3087 ||| STAIRDANCE
  3171 | D:5      | Found a staircase to the Ecumenical Temple.
  3171 | D:5      | Noticed Grinder
  3173 | D:5      | Paralysed by Grinder for 3 turns
  3176 | D:5      | 3176 ||| DRINKING 2 potions of curing.
  3176 | D:5      | 3176 ||| (to cure confusion)
  3179 | D:5      | Noticed a wyvern
  3184 | D:5      | HP: 2/35 [Grinder (7)]
  3184 | D:5      | Slain by Grinder

Levels and vault maps discovered:
D:1:      evilmike_arrival_hilbert_curve, layout_loops_corners,
          shapermc_ecumenical_altar_totnotflames
D:2:      layout_basic
D:3:      layout_basic, uniq_terence
D:4:      layout_loops_ring, okawaru_gym_becter, serial_shops,
          nicolae_shop_crystal
D:5:      layout_basic, minmay_temple_entry_large_hall,
          ebering_ghost_disaster_area, uniq_grinder

Skill      XL: |  1  2  3  4  5 |
---------------+----------------+-----
Ranged Weapons | 6 7 8 9 |  9.3
Fighting       | 2 |  2.0
Dodging        | 3 |  3.0
Stealth        | |  1.2

Action                     |  1- 3 |  4- 6 || total
---------------------------+-------+-------++-------
   Fire: Shortbow          |   122 |   107 ||   229
    Use: Scroll            |     2 |    15 ||    17
         Potion            |       |     1 ||     1
 Armour: Leather armour    |     5 |     4 ||     9
         Ring mail         |       |     8 ||     8
  Dodge: Dodged            |    14 |    28 ||    42

Table legend:
 A = Non-vault XP
 B = Vault XP
 C = Vault XP percentage of total XP
 D = Non-vault monster count
 E = Vault monster count
 F = Vault count percentage of total count
                 A         B        C        D         E       F
            +---------+---------+-------+---------+---------+-------
      Total |     382 |      36 |   8.6 |      77 |       1 |   1.3
            +---------+---------+-------+---------+---------+-------
        D:1 |      45 |       0 |   0.0 |      26 |       0 |   0.0
        D:2 |      73 |       0 |   0.0 |      20 |       0 |   0.0
        D:3 |      43 |      36 |  45.6 |      16 |       1 |   5.9
        D:4 |     218 |       0 |   0.0 |      14 |       0 |   0.0
        D:5 |       3 |       0 |   0.0 |       1 |       0 |   0.0
            +---------+---------+-------+---------+---------+-------
